TOP OF THE 1ST |
Niagara Falls Expos batting - Pitching for Bellevue Bruins : RHP Claudio Mateo
|
Pitching: RHP Claudio Mateo
|
|
Batting: RHB Ramón Soto
|
0-0: Called Strike 0-1: Ground out 6-3 (Groundball, 6)
|
Batting: RHB Corey Dudding
|
0-0: Foul Ball, location: 2F 0-1: Swinging Strike 0-2: Strikes out looking
|
Batting: RHB Hou Kong
|
0-0: Ball 1-0: Fly out, F8 (Flyball, 8RS)
|
Top of the 1st over - 0 runs, 0 hits, 0 errors, 0 left on base; Niagara Falls 0 - Bellevue 0 |
BOTTOM OF THE 1ST |
Bellevue Bruins batting - Pitching for Niagara Falls Expos : RHP Dao-zi Zhai
|
Pitching: RHP Dao-zi Zhai
|
|
Batting: LHB Sisto Pagnamenta
|
0-0: Ball 1-0: Called Strike 1-1: Swinging Strike 1-2: Ball 2-2: Ball 3-2: SOLO HOME RUN (Flyball, 9D), Distance : 402 ft
|
Batting: RHB Ryan Faulkner
|
0-0: Called Strike 0-1: Swinging Strike 0-2: Foul Ball, location: 2F 0-2: Foul Ball, location: 2F 0-2: Fly out, F3 (Popup, 3)
|
Batting: SHB Júlio Morín Jr.
|
0-0: Called Strike 0-1: Swinging Strike 0-2: Ball 1-2: Fly out, F5 (Popup, 5F)
|
Batting: SHB Aurelio Jiménez
|
0-0: Ball 1-0: Called Strike 1-1: Foul Ball, location: 2F 1-2: Foul Ball, location: 2F 1-2: Ball 2-2: SINGLE (Line Drive, 5)
|
Batting: RHB Miguel Elías
|
0-0: Foul Ball, location: 2F 0-1: Ball 1-1: Called Strike 1-2: Strikes out swinging
|
Bottom of the 1st over - 1 run, 2 hits, 0 errors, 1 left on base; Niagara Falls 0 - Bellevue 1 |
TOP OF THE 2ND |
Niagara Falls Expos batting - Pitching for Bellevue Bruins : RHP Claudio Mateo
|
Batting: RHB Fred Hulvey
|
0-0: Swinging Strike 0-1: Called Strike 0-2: Strikes out swinging, 2-3 out at first.
|
Batting: RHB Ramón Degollado
|
0-0: SINGLE (Line Drive, 7S)
|
Batting: LHB Duk-yeo Chin
|
0-0: TRIPLE (Line Drive, 89XD) Ramón Degollado scores
|
Batting: RHB Francisco Valentín
|
0-0: Fly out, F2 (Popup, 2RF)
|
Batting: LHB Manuel Núñez
|
0-0: Called Strike 0-1: Ball 1-1: Foul Ball, location: 2F 1-2: Foul Ball, location: 2F 1-2: Foul Ball, location: 2F 1-2: SINGLE (Line Drive, 8RS) Duk-yeo Chin scores
|
Batting: RHB Bogumil Tiwontschik
|
0-0: Ball 1-0: Ball 2-0: SINGLE (Line Drive, 8LS) Manuel Núñez to second
|
Batting: RHB Ramón Soto
|
0-0: Foul Ball, location: 2F 0-1: Ball 1-1: Foul Ball, location: 2F 1-2: Foul Ball, location: 2F 1-2: Fly out, F7 (Flyball, 7S)
|
Top of the 2nd over - 2 runs, 4 hits, 0 errors, 2 left on base; Niagara Falls 2 - Bellevue 1 |
BOTTOM OF THE 2ND |
Bellevue Bruins batting - Pitching for Niagara Falls Expos : RHP Dao-zi Zhai
|
Batting: LHB David Muller
|
0-0: Ball 1-0: SINGLE (Groundball, 4M) (infield hit)
|
Batting: LHB Domingo Colón
|
0-0: Ball David Muller steals 2nd base 1-0: Foul Ball, location: 2F 1-1: Ground out 4-3 (Groundball, 4) David Muller to third
|
Batting: RHB Ramón Ramírez
|
0-0: Swinging Strike 0-1: DOUBLE (Flyball, 78D) David Muller scores
|
Pinch Runner at 2nd Juan Romero:
|
|
Batting: RHB Dennis Shaw
|
0-0: Foul Ball, location: 2F 0-1: Ball Juan Romero steals 3rd base 1-1: Foul Ball, location: 2F 1-2: Strikes out swinging
|
Batting: LHB Sisto Pagnamenta
|
0-0: Ball 1-0: Ball 2-0: Ball 3-0: Called Strike 3-1: Fly out, F9 (Flyball, 9D)
|
Bottom of the 2nd over - 1 run, 2 hits, 0 errors, 1 left on base; Niagara Falls 2 - Bellevue 2 |
TOP OF THE 3RD |
Niagara Falls Expos batting - Pitching for Bellevue Bruins : RHP Claudio Mateo
|
Now in CF: Juan Romero
|
|
Batting: RHB Corey Dudding
|
0-0: Ball 1-0: Foul Ball, location: 2F 1-1: Ball 2-1: Ball 3-1: Called Strike 3-2: Strikes out swinging
|
Batting: RHB Hou Kong
|
0-0: Ball 1-0: Called Strike 1-1: Called Strike 1-2: Ball 2-2: Ball 3-2: Strikes out swinging
|
Batting: RHB Fred Hulvey
|
0-0: Ball 1-0: Ball 2-0: Called Strike 2-1: Ball 3-1: Ground out 5-3 (Groundball, 5S)
|
Top of the 3rd over - 0 runs, 0 hits, 0 errors, 0 left on base; Niagara Falls 2 - Bellevue 2 |
BOTTOM OF THE 3RD |
Bellevue Bruins batting - Pitching for Niagara Falls Expos : RHP Dao-zi Zhai
|
Batting: RHB Ryan Faulkner
|
0-0: SINGLE (Groundball, 6D)
|
Batting: SHB Júlio Morín Jr.
|
0-0: Ball 1-0: Grounds into double play, 4-6-3 (Groundball, 4)
|
Batting: SHB Aurelio Jiménez
|
0-0: Foul Ball, location: 2F 0-1: Swinging Strike 0-2: Foul Ball, location: 2F 0-2: Ball 1-2: Ball 2-2: Foul Ball, location: 2F 2-2: Foul Ball, location: 2F 2-2: Ball 3-2: SINGLE (Line Drive, 8LS)
|
Batting: RHB Miguel Elías
|
0-0: Called Strike 0-1: Foul Ball, location: 2F 0-2: Strikes out swinging
|
Bottom of the 3rd over - 0 runs, 2 hits, 0 errors, 1 left on base; Niagara Falls 2 - Bellevue 2 |
TOP OF THE 4TH |
Niagara Falls Expos batting - Pitching for Bellevue Bruins : RHP Claudio Mateo
|
Batting: RHB Ramón Degollado
|
0-0: Called Strike 0-1: Foul Ball, location: 2F 0-2: Ball 1-2: Foul Ball, location: 2F 1-2: Foul Ball, location: 2F 1-2: SINGLE (Groundball, 56D)
|
Batting: LHB Duk-yeo Chin
|
0-0: Called Strike 0-1: Swinging Strike 0-2: Ball 1-2: Foul Ball, location: 2F 1-2: Foul Ball, location: 2F 1-2: Foul Ball, location: 2F 1-2: Ball 2-2: Strikes out looking
|
Batting: RHB Francisco Valentín
|
0-0: Called Strike 0-1: Called Strike 0-2: Foul Ball, location: 2F 0-2: Fly out, F9 (Flyball, 9)
|
Batting: LHB Manuel Núñez
|
0-0: Ball 1-0: Called Strike 1-1: Called Strike 1-2: Strikes out looking
|
Top of the 4th over - 0 runs, 1 hit, 0 errors, 1 left on base; Niagara Falls 2 - Bellevue 2 |
BOTTOM OF THE 4TH |
Bellevue Bruins batting - Pitching for Niagara Falls Expos : RHP Dao-zi Zhai
|
Batting: LHB David Muller
|
0-0: Fly out, F9 (Line Drive, 89D)
|
Batting: LHB Domingo Colón
|
0-0: Called Strike 0-1: Called Strike 0-2: Fly out, F9 (Flyball, 9)
|
Batting: LHB Juan Romero
|
0-0: Ball 1-0: Foul Ball, location: 2F 1-1: Ball 2-1: Ball 3-1: Base on Balls
|
Batting: RHB Dennis Shaw
|
0-0: Ball Juan Romero steals 2nd base 1-0: Called Strike 1-1: Swinging Strike 1-2: Strikes out swinging, 2-3 out at first.
|
Bottom of the 4th over - 0 runs, 0 hits, 0 errors, 1 left on base; Niagara Falls 2 - Bellevue 2 |
TOP OF THE 5TH |
Niagara Falls Expos batting - Pitching for Bellevue Bruins : RHP Claudio Mateo
|
Batting: RHB Bogumil Tiwontschik
|
0-0: Ball 1-0: SINGLE (Flyball, 78M)
|
Batting: RHB Ramón Soto
|
0-0: Ball 1-0: Ball 2-0: Bunted foul 2-1: Sac Bunt - play at first, batter OUT! 1-4 Bogumil Tiwontschik to second
|
Batting: RHB Corey Dudding
|
0-0: Ball 1-0: Ball 2-0: Called Strike 2-1: Fly out, F8 (Flyball, 8LD)
|
Batting: RHB Hou Kong
|
0-0: Called Strike 0-1: Foul Ball, location: 2F 0-2: Ball 1-2: Foul Ball, location: 2F 1-2: Ball 2-2: Ball 3-2: Strikes out swinging
|
Top of the 5th over - 0 runs, 1 hit, 0 errors, 1 left on base; Niagara Falls 2 - Bellevue 2 |
BOTTOM OF THE 5TH |
Bellevue Bruins batting - Pitching for Niagara Falls Expos : RHP Dao-zi Zhai
|
Batting: LHB Sisto Pagnamenta
|
0-0: Ball 1-0: Called Strike 1-1: Foul Ball, location: 2F 1-2: SINGLE (Line Drive, 56D)
|
Batting: RHB Ryan Faulkner
|
0-0: Called Strike Sisto Pagnamenta is caught stealing 2nd base 0-1: TRIPLE (Groundball, 3L)
|
Batting: SHB Júlio Morín Jr.
|
0-0: Called Strike 0-1: Foul Ball, location: 2F 0-2: Ball 1-2: Strikes out looking
|
Batting: SHB Aurelio Jiménez
|
0-0: Ball 1-0: Called Strike 1-1: Ball 2-1: Called Strike 2-2: Foul Ball, location: 2F 2-2: Ball 3-2: SINGLE (Line Drive, 4MD) Ryan Faulkner scores
|
Batting: RHB Miguel Elías
|
0-0: Ball 1-0: Fly out, F8 (Flyball, 8RM)
|
Bottom of the 5th over - 1 run, 3 hits, 0 errors, 1 left on base; Niagara Falls 2 - Bellevue 3 |
TOP OF THE 6TH |
Niagara Falls Expos batting - Pitching for Bellevue Bruins : RHP Claudio Mateo
|
Batting: RHB Fred Hulvey
|
0-0: Called Strike 0-1: Ball 1-1: Ball 2-1: Swinging Strike 2-2: Foul Ball, location: 2F 2-2: Strikes out swinging
|
Batting: RHB Ramón Degollado
|
0-0: Ball 1-0: Ground out 6-3 (Groundball, 6)
|
Batting: LHB Duk-yeo Chin
|
0-0: Swinging Strike 0-1: Ball 1-1: Ground out U3 (Groundball, 3)
|
Top of the 6th over - 0 runs, 0 hits, 0 errors, 0 left on base; Niagara Falls 2 - Bellevue 3 |
BOTTOM OF THE 6TH |
Bellevue Bruins batting - Pitching for Niagara Falls Expos : RHP Dao-zi Zhai
|
Batting: LHB David Muller
|
0-0: Ground out 3-1 (Groundball, 34)
|
Batting: LHB Domingo Colón
|
0-0: Called Strike 0-1: Ground out 4-3 (Groundball, 4)
|
Batting: LHB Juan Romero
|
0-0: Ball 1-0: Ball 2-0: Called Strike 2-1: Ball 3-1: Base on Balls
|
Batting: RHB Dennis Shaw
|
0-0: Foul Ball, location: 2F 0-1: SINGLE (Line Drive, 89S) Juan Romero to second Runner from 2nd tries for 3rd, SAFE, throw made to third
|
Batting: LHB Sisto Pagnamenta
|
0-0: Called Strike 0-1: Called Strike 0-2: Foul Ball, location: 2F 0-2: Ball 1-2: Ball 2-2: Ball 3-2: Foul Ball, location: 2F 3-2: Ground out 4-3 (Groundball, 4)
|
Bottom of the 6th over - 0 runs, 1 hit, 0 errors, 2 left on base; Niagara Falls 2 - Bellevue 3 |
TOP OF THE 7TH |
Niagara Falls Expos batting - Pitching for Bellevue Bruins : RHP Claudio Mateo
|
Batting: RHB Francisco Valentín
|
0-0: Ground out 5-3 (Groundball, 56S)
|
Batting: LHB Manuel Núñez
|
0-0: Called Strike 0-1: Swinging Strike 0-2: Strikes out swinging
|
Batting: RHB Bogumil Tiwontschik
|
0-0: Called Strike 0-1: Ball 1-1: SINGLE (Groundball, 56D)
|
Batting: RHB Ramón Soto
|
0-0: Ball 1-0: Ball 2-0: Foul Ball, location: 2F 2-1: Fly out, F8 (Flyball, 8RS)
|
Top of the 7th over - 0 runs, 1 hit, 0 errors, 1 left on base; Niagara Falls 2 - Bellevue 3 |
BOTTOM OF THE 7TH |
Bellevue Bruins batting - Pitching for Niagara Falls Expos : RHP Dao-zi Zhai
|
Batting: RHB Ryan Faulkner
|
0-0: SINGLE (Line Drive, 6M)
|
Batting: SHB Júlio Morín Jr.
|
0-0: Foul Ball, location: 2F 0-1: Fly out, F7 (Flyball, 78D)
|
Batting: SHB Aurelio Jiménez
|
0-0: Ball 1-0: Foul Ball, location: 2F 1-1: Ball 2-1: Foul Ball, location: 2F 2-2: Strikes out swinging
|
Batting: RHB Miguel Elías
|
0-0: Ball 1-0: Foul Ball, location: 2F 1-1: Ball 2-1: Swinging Strike 2-2: Foul Ball, location: 2F 2-2: Foul Ball, location: 2F 2-2: Ball 3-2: Foul Ball, location: 2F 3-2: Foul Ball, location: 2F 3-2: Ground out 4-3 (Groundball, 4)
|
Bottom of the 7th over - 0 runs, 1 hit, 0 errors, 1 left on base; Niagara Falls 2 - Bellevue 3 |
TOP OF THE 8TH |
Niagara Falls Expos batting - Pitching for Bellevue Bruins : RHP Claudio Mateo
|
Batting: RHB Corey Dudding
|
0-0: Swinging Strike 0-1: Ball 1-1: SINGLE (Flyball, 9S)
|
Batting: RHB Hou Kong
|
0-0: Ball 1-0: Foul Ball, location: 2F 1-1: Swinging Strike 1-2: Ball 2-2: Strikes out looking
|
Pitching: LHP Christian Clayton
|
|
Pinch Hitting: RHB Bertrand Pick
|
0-0: Called Strike 0-1: Foul Ball, location: 2F 0-2: Foul Ball, location: 2F 0-2: DOUBLE (Line Drive, 8LD) Corey Dudding to third
|
Batting: RHB Ramón Degollado
|
0-0: Fly out, F8 (Flyball, 8LD) Runner from 3rd tags up, SCORES, throw made
|
Pinch Hitting: RHB José Vázquez
|
0-0: Ball 1-0: Ball 2-0: Ball 3-0: Called Strike 3-1: Fly out, F8 (Flyball, 78M)
|
Top of the 8th over - 1 run, 2 hits, 0 errors, 1 left on base; Niagara Falls 3 - Bellevue 3 |
BOTTOM OF THE 8TH |
Bellevue Bruins batting - Pitching for Niagara Falls Expos : RHP Dao-zi Zhai
|
Now at 3B: Min-tae Yi
|
|
Now in CF: José Vázquez
|
|
Batting: LHB David Muller
|
0-0: Fly out, F9 (Line Drive, 89D)
|
Pinch Hitting: LHB Atro Jarvilehto
|
0-0: Ball 1-0: Foul Ball, location: 2F 1-1: SINGLE (Flyball, 8LM)
|
Pitching: LHP Mannus Dijkman
|
|
Pinch Hitting: SHB Jorge Ayala
|
0-0: Ball 1-0: Ball 2-0: Called Strike 2-1: Fielders Choice at 2nd, 1-4 (Groundball, 15S)
|
Batting: RHB Dennis Shaw
|
0-0: Ball 1-0: Ball 2-0: Swinging Strike 2-1: Ball Wild Pitch! Jorge Ayala to second 3-1: Fly out, F8 (Flyball, 8LD)
|
Bottom of the 8th over - 0 runs, 1 hit, 0 errors, 1 left on base; Niagara Falls 3 - Bellevue 3 |
TOP OF THE 9TH |
Niagara Falls Expos batting - Pitching for Bellevue Bruins : LHP Christian Clayton
|
Pitching: RHP Brendan Haataja
|
|
Now in LF: Atro Jarvilehto
|
|
Now in CF: Jorge Ayala
|
|
Batting: RHB Francisco Valentín
|
0-0: Called Strike 0-1: Ball 1-1: Swinging Strike 1-2: Strikes out swinging
|
Batting: LHB Manuel Núñez
|
0-0: Foul Ball, location: 2F 0-1: Ball 1-1: Called Strike 1-2: Ball 2-2: Strikes out swinging
|
Batting: RHB Bogumil Tiwontschik
|
0-0: Ball 1-0: Ball 2-0: Ball 3-0: Base on Balls
|
Batting: RHB Ramón Soto
|
0-0: Called Strike Bogumil Tiwontschik steals 2nd base 0-1: Called Strike 0-2: Foul Ball, location: 2F 0-2: Ball 1-2: Ball 2-2: Strikes out swinging
|
Top of the 9th over - 0 runs, 0 hits, 0 errors, 1 left on base; Niagara Falls 3 - Bellevue 3 |
BOTTOM OF THE 9TH |
Bellevue Bruins batting - Pitching for Niagara Falls Expos : LHP Mannus Dijkman
|
Batting: LHB Sisto Pagnamenta
|
0-0: Swinging Strike 0-1: Foul Ball, location: 2F 0-2: Ball 1-2: Ground out 5-3 (Groundball, 5)
|
Batting: RHB Ryan Faulkner
|
0-0: Ball 1-0: DOUBLE (Line Drive, 78D)
|
Batting: SHB Júlio Morín Jr.
|
0-0: Called Strike 0-1: Foul Ball, location: 2F 0-2: Fly out, F3 (Line Drive, 3)
|
Batting: SHB Aurelio Jiménez
|
0-0: Foul Ball, location: 2F 0-1: Fly out, F9 (Line Drive, 9)
|
Bottom of the 9th over - 0 runs, 1 hit, 0 errors, 1 left on base; Niagara Falls 3 - Bellevue 3 |
TOP OF THE 10TH |
Niagara Falls Expos batting - Pitching for Bellevue Bruins : RHP Brendan Haataja
|
Batting: RHB Corey Dudding
|
0-0: Fly out, F9 (Flyball, 9LS)
|
Batting: RHB Hou Kong
|
0-0: Called Strike 0-1: Foul Ball, location: 2F 0-2: Strikes out looking
|
Batting: RHB Min-tae Yi
|
0-0: Foul Ball, location: 2F 0-1: Foul Ball, location: 2F 0-2: Strikes out looking
|
Top of the 10th over - 0 runs, 0 hits, 0 errors, 0 left on base; Niagara Falls 3 - Bellevue 3 |
BOTTOM OF THE 10TH |
Bellevue Bruins batting - Pitching for Niagara Falls Expos : LHP Mannus Dijkman
|
Pitching: RHP Jefferson Suhendro
|
|
Batting: RHB Miguel Elías
|
0-0: Foul Ball, location: 2F 0-1: Ball 1-1: Fly out, F9 (Flyball, 9LS)
|
Batting: LHB David Muller
|
0-0: Called Strike 0-1: Called Strike 0-2: Foul Ball, location: 2F 0-2: Strikes out swinging
|
Batting: LHB Atro Jarvilehto
|
0-0: Ball 1-0: Swinging Strike 1-1: SINGLE (Groundball, 4MD)
|
Batting: SHB Jorge Ayala
|
0-0: Ground out 5-3 (Groundball, 6)
|
Bottom of the 10th over - 0 runs, 1 hit, 0 errors, 1 left on base; Niagara Falls 3 - Bellevue 3 |
TOP OF THE 11TH |
Niagara Falls Expos batting - Pitching for Bellevue Bruins : RHP Brendan Haataja
|
Pitching: RHP Jin Kwon
|
|
Batting: RHB Ramón Degollado
|
0-0: Ball 1-0: SINGLE (Groundball, 6MD)
|
Batting: RHB José Vázquez
|
0-0: Ball 1-0: Foul Ball, location: 2F 1-1: Swinging Strike 1-2: Ball 2-2: Foul Ball, location: 2F 2-2: Strikes out swinging
|
Batting: RHB Francisco Valentín
|
0-0: Ball 1-0: Called Strike 1-1: Ball 2-1: Called Strike 2-2: Fly out, F7 (Flyball, 78M)
|
Batting: LHB Manuel Núñez
|
0-0: Called Strike 0-1: Foul Ball, location: 2F 0-2: 2-RUN HOME RUN (Flyball, 7LD), Distance : 366 ft
|
Batting: RHB Bogumil Tiwontschik
|
0-0: Fly out, F9 (Line Drive, 89M)
|
Top of the 11th over - 2 runs, 2 hits, 0 errors, 0 left on base; Niagara Falls 5 - Bellevue 3 |
BOTTOM OF THE 11TH |
Bellevue Bruins batting - Pitching for Niagara Falls Expos : RHP Jefferson Suhendro
|
Batting: RHB Dennis Shaw
|
0-0: Ball 1-0: Ground out 5-3 (Groundball, 56)
|
Batting: LHB Sisto Pagnamenta
|
0-0: Ball 1-0: Foul Ball, location: 2F 1-1: Ball 2-1: SINGLE (Line Drive, 4)
|
Batting: RHB Ryan Faulkner
|
0-0: Swinging Strike 0-1: Ball Wild Pitch! Sisto Pagnamenta to second 1-1: Ball 2-1: Ball 3-1: Swinging Strike 3-2: Foul Ball, location: 2F 3-2: Base on Balls
|
Batting: SHB Júlio Morín Jr.
|
0-0: Ball 1-0: Called Strike 1-1: Foul Ball, location: 2F 1-2: Strikes out swinging
|
Batting: SHB Aurelio Jiménez
|
0-0: Ball 1-0: Foul Ball, location: 2F 1-1: Ball 2-1: Ground out 3-1 (Groundball, 34S)
|
Bottom of the 11th over - 0 runs, 1 hit, 0 errors, 2 left on base; Niagara Falls 5 - Bellevue 3 |
|